 Dungeon Crawl Stone Soup version 0.26.0-8-g74fc34ddfb (webtiles) character file.

Game seed: 5737515366760290463

275 ythm the Conjurer (level 6, -6/36 HPs)
             Began as an Octopode Conjurer on Jan 12, 2021.
             Mangled by Edmund
             ... wielding a +1 dire flail of protection
              (12 damage)
             ... on level 4 of the Dungeon.
             The game lasted 00:07:01 (3305 turns).

ythm the Conjurer (Octopode Conjurer)               Turns: 3305, Time: 00:07:01

Health: -6/36      AC:  1    Str:  6    XL:     6   Next: 25%
Magic:  5/10       EV: 13    Int: 23    God:
Gold:   154        SH:  0    Dex: 10    Spells: 8/11 levels left

rFire    . . .     SeeInvis .   m - +1 short sword (venom)
rCold    . . .     Faith    .   (no shield)
rNeg     . . .     Spirit   .   (helmet restricted)
rPois    .         Reflect  .   (no amulet)
rElec    .         Harm     .   (no ring)
rCorr    .         Rampage  .   (no ring)
Will     .....                  (no ring)
Stlth    +++.......             (no ring)
HPRegen  0.12/turn              (no ring)
MPRegen  0.12/turn              (no ring)
                                (no ring)
                                (no ring)

@: no status effects
A: almost no armour, stealthy swim, amphibious, 8 rings, constrict 8, camouflage
1, gelatinous body 1
a: no special abilities


You were on level 4 of the Dungeon.
You visited 1 branch of the dungeon, and saw 4 of its levels.

You collected 154 gold pieces.

Inventory:

Hand Weapons
 j - a +1 vorpal falchion
 m - a +1 short sword of venom (weapon)
Wands
 g - a wand of acid (8)
 h - a wand of polymorph (11)
Scrolls
 a - 2 scrolls of enchant weapon {unknown}
 b - a scroll of immolation {unknown}
 c - 8 scrolls of identify {unknown}
 e - 3 scrolls of teleportation {unknown}
 f - 2 scrolls of remove curse {unknown}
 i - a scroll of fear {unknown}
 k - a scroll of magic mapping {unknown}
 l - a scroll of noise {unknown}
Potions
 d - 3 potions of mutation {unknown}


   Skills:
 - Level 2.0 Dodging
 - Level 2.6 Stealth
 + Level 3.0 Spellcasting
 * Level 6.8 Conjurations


You had 8 spell levels left.
You knew the following spells:

 Your Spells              Type           Power        Failure   Level
a - Magic Dart            Conj           100%         1%          1
b - Searing Ray           Conj           70%          1%          2

Your spell library contained the following spells:

 Spells                   Type           Power        Failure   Level
 Dazzling Flash           Conj/Hex       38%          9%          3
 Fulminant Prism          Conj/Hex       9%           28%         4
 Iskenderun's Mystic Bla  Conj/Tloc      19%          28%         4


Dungeon Overview and Level Annotations

Branches:
Dungeon (4/15)
 Temple: D:4-7

Altars:
Ashenzari
Dithmenos
Gozag
Kikubaaqudgha
Qazlal
Uskayaw

Annotations:
D:4 Edmund, Sigmund


Innate Abilities, Weirdness & Mutations

You cannot wear most types of armour.
You are very stealthy in the water. (Stealth+)
You are amphibious.
You can wear up to eight rings at the same time.
You can use your tentacles to constrict eight enemies at once.
Your skin changes colour to match your surroundings (Stealth+).
Your rubbery body absorbs attacks. (AC +1, EV +1)


Message History

Unknown command.
You release your grip on Edmund.
Unknown command.
Unknown command.
Unknown command.
Unknown command.
Unknown command.
Casting: Searing Ray (safe; 1% risk of failure)
Confirm with . or Enter, or press ? or * to list all spells.
Aiming: Searing Ray (safe; 1% risk of failure)
Press: ? - help, Shift-Dir - straight line, f/p - Edmund
Aim: Edmund, wielding a +1 dire flail of protection and wearing a +2 chain mail of poison resistance (almost dead, very poisoned, 14% to evade)
The searing ray hits Edmund but does no damage.
Edmund is almost dead. (Press . to maintain the ray.) Unknown command.
The searing ray hits Edmund.
Edmund is almost dead.
Edmund hits you with a +1 dire flail of protection!
You die...

...................#
.........).........#
##+#####.###.##.##.########
#......#.###+##.##.....##.#
#......#............#.....#
#......#............#.....#
#......+............#.....#
#......#............'.....#
#......#.....@@.....#.....#
#.......).############...##
########..)...#.######..<#
#......#..........#
#......#..........#
#......#..........#
#......#..........#
#######......#.##########
#.....†.....##.#


You could see Edmund (very poisoned).

Vanquished Creatures
  An ogre (D:4)
  2 orc wizards
  A worker ant (D:4)
  3 adders
  A gnoll (D:1)
  An ooze (D:1)
  4 worms
  A leopard gecko (D:4)
  7 orcs
  4 giant cockroaches
  7 goblins
  5 hobgoblins
  4 jackals (D:1)
  3 kobolds
  3 bats
  4 frilled lizards
  6 rats
57 creatures vanquished.

Vanquished Creatures (others)
  Ijyb (D:3)
  4 toadstools (D:1)
5 creatures vanquished.

Grand Total: 62 creatures vanquished

Notes
Turn   | Place    | Note
-------+----------+-------------------------------------------
     0 | D:1      | ythm the Octopode Conjurer began the quest for the Orb.
     0 | D:1      | Reached XP level 1. HP: 11/11 MP: 3/3
   186 | D:1      | Reached XP level 2. HP: 17/17 MP: 3/5
   363 | D:1      | Learned a level 2 spell: Searing Ray
   457 | D:1      | Reached skill level 5 in Conjurations
   457 | D:1      | Reached XP level 3. HP: 21/21 MP: 0/6
  1493 | D:2      | Found an ancient bone altar of Kikubaaqudgha.
  1495 | D:2      | Found a hide-covered altar of Uskayaw.
  1498 | D:2      | Found a broken altar of Ashenzari.
  1687 | D:2      | Reached XP level 4. HP: 27/27 MP: 3/7
  2131 | D:3      | Reached skill level 6 in Conjurations
  2131 | D:3      | Reached XP level 5. HP: 22/31 MP: 5/8
  2245 | D:3      | Killed Ijyb
  2383 | D:3      | Found an opulent altar of Gozag.
  2893 | D:4      | Noticed Sigmund
  2893 | D:4      | Noticed an ogre
  2896 | D:4      | Killed an ogre
  3033 | D:4      | Reached XP level 6. HP: 36/36 MP: 3/10
  3221 | D:4      | Found a shadowy altar of Dithmenos.
  3221 | D:4      | Found a stormy altar of Qazlal.
  3248 | D:4      | Noticed Edmund
  3305 | D:4      | Mangled by Edmund

Illustrated notes

Levels and vault maps discovered:
D:1:      ldierk_walled_garden_2, layout_loops_ring, patterned_corridor
D:2:      layout_rooms, grunt_temple_overflow_open, minmay_door_square
D:3:      layout_loops_cross, nicolae_gozag_cash_rules_everything_around_me,
          lemuel_old_faithful, uniq_ijyb
D:4:      layout_gridville, gammafunk_temple_overflow_elements,
          gammafunk_ghost_arena, uniq_edmund, uniq_sigmund, uniq_pikel

Skill      XL: |  1  2  3  4  5 |
---------------+----------------+-----
Conjurations   | 5 6 |  6.8
Spellcasting   | 3 |  3.0
Dodging        | |  2.0
Stealth        | |  2.6

Action                   |  1- 3 |  4- 6 || total
-------------------------+-------+-------++-------
Melee: Unarmed           |    10 |     3 ||    13
       Tentacles         |     3 |     1 ||     4
       Constrict         |     2 |     3 ||     5
       Falchion          |       |     6 ||     6
       Dagger            |       |     5 ||     5
       Short sword       |       |     8 ||     8
 Cast: Magic Dart        |    48 |    28 ||    76
       Searing Ray       |     2 |    13 ||    15
  Use: Potion            |       |     4 ||     4
 Stab: Sleeping          |       |     4 ||     4
Armor: Skin              |       |     4 ||     4
Dodge: Dodged            |     5 |    22 ||    27
       Rpst.: Falchion   |       |     5 ||     5
